 Dungeon Crawl Stone Soup version 0.31-b1-22-gc680215f68 (webtiles) character file.

Game seed: 11816691952571054884

461 Destinykillz the Digger (level 7, 0/36 HPs)
             Began as a Gargoyle Earth Elementalist on Jan 19, 2024.
             Was a Follower of Sif Muna.
             Shot with an arrow by a centaur (10 damage)
             ... on level 5 of the Dungeon.
             The game lasted 00:14:06 (3868 turns).

Destinykillz the Digger (GrEE)                      Turns: 3868, Time: 00:14:08

Health: 0/36       AC: 11    Str: 11    XL:     7   Next: 7%
Magic:  2/11       EV: 15    Int: 18    God:    Sif Muna [*.....]
Gold:   236        SH:  0    Dex: 10    Spells: 6/11 levels left

rFire   . . .        q - +0 morningstar
rCold   . . .        (no shield)
rNeg    + . .        l - +0 ring mail
rPois   ∞            (no helmet)
rElec   +            w - +0 cloak
rCorr   +            (no gloves)
SInv    .            (no boots)
Will    .....        h - amulet of the acrobat
Stlth   ++           m - +5 ring of evasion
HPRegen 0.26/turn    v - ring of resist corrosion
MPRegen 0.12/turn

%: acrobat
@: no status effects
A: sickness immunity, AC +4, negative energy resistance 1, electricity
resistance, torment resistance 1, petrification resistance
a: Renounce Religion, Channel Magic


You were on level 5 of the Dungeon.
You worshipped Sif Muna.
Sif Muna was aware of your devotion.
You visited 1 branch of the dungeon, and saw 5 of its levels.

You collected 236 gold pieces.

Inventory:

Hand Weapons
 i - a +0 mace
 q - a +0 morningstar (weapon)
Missiles
 f - 2 curare-tipped darts (quivered)
 g - 30 stones
 z - a throwing net
Armour
 a - a +0 robe
 l - a +0 ring mail (worn)
 r - a +0 scale mail
 t - +0 ice dragon scales
 w - a +0 cloak (worn)
Jewellery
 h - an amulet of the acrobat (around neck)
 m - a +5 ring of evasion (left hand)
 v - a ring of resist corrosion (right hand)
Wands
 k - a wand of digging (4)
 A - a wand of polymorph (5)
Scrolls
 c - a scroll of enchant weapon {unknown}
 d - a scroll of butterflies
 n - a scroll of blinking
 o - 2 scrolls of teleportation {unknown}
 p - a scroll of immolation {unknown}
 y - 2 scrolls of amnesia {unknown}
 B - a scroll of poison {unknown}
Potions
 b - 3 potions of magic
 e - a potion of curing
 j - 2 potions of lignification
 s - a potion of ambrosia
 u - a potion of enlightenment


   Skills:
 * Level 3.6 Armour
 - Level 1.7 Dodging
 * Level 4.8 Stealth
 + Level 2.9 Spellcasting
 + Level 2.6 Conjurations
 * Level 5.6 Earth Magic


You had 6 spell levels left.
You knew the following spells:

 Your Spells              Type           Power      Damage    Failure   Level
a - Sandblast             Erth           44%        2d11      3%          1
b - Stone Arrow           Conj/Erth      34%        3d9       21%         3
c - Magic Dart            Conj           48%        1d5       13%         1

Your spell library contained the following spells:

 Spells                   Type           Power      Damage    Failure   Level
 Passwall                 Erth           22%        N/A       11%         3
 Searing Ray              Conj           24%        2d5       19%         2
 Brom's Barrelling Bould  Conj/Erth      17%        2d4       56%         4
 Lee's Rapid Deconstruct  Erth           11%        3d8*      71%         5
 Call Canine Familiar     Summ           2%         N/A       75%         3
 Sigil of Binding         Hex            2%         N/A       75%         3
 Leda's Liquefaction      Alch/Erth      6%         N/A       75%         4
 Petrify                  Alch/Erth      12%        N/A       75%         4
 Fulminant Prism          Conj/Alch      3%         3d5       91%         4
 Dimensional Bullseye     Hex/Tloc       1%         N/A       98%         4
 Bombard                  Conj/Erth      8%         9d2       100%        6


Dungeon Overview and Level Annotations

Branches:
Dungeon (5/15)
 Temple: D:4-7

Altars:
Fedhas
Sif Muna

Annotations:
D:3 Sigmund


Innate Abilities, Weirdness & Mutations

You are immune to sickness and miasma.
Your stone body is resilient. (AC +4)
You are immune to poison.
You resist negative energy. (rN+)
You are resistant to electric shocks. (rElec)
You are resistant to unholy torment.
You are immune to petrification.


Message History

Aim: a centaur, wielding a +0 orcbow and wearing a +4 ring of protection (moderately wounded, 100% to hit)
The magic dart hits the centaur but does no damage.
The centaur is moderately wounded.
The centaur shoots an arrow.
The arrow hits you!
Casting: Magic Dart (safe; 13% risk of failure)
Confirm with . or Enter, or press ? or * to list all spells.
Aiming: Magic Dart (safe; 13% risk of failure)
Press: ? - help, Shift-Dir - straight line, f/p - centaur
Aim: a centaur, wielding a +0 orcbow and wearing a +4 ring of protection (moderately wounded, 100% to hit)
The magic dart hits the centaur but does no damage.
The centaur is moderately wounded.
The centaur shoots an arrow.
The arrow hits you but does no damage.
Casting: Magic Dart (safe; 13% risk of failure)
Confirm with . or Enter, or press ? or * to list all spells.
Aiming: Sandblast (safe; 3% risk of failure)
Press: ? - help, Shift-Dir - straight line, f/p - centaur
Aim: a centaur, wielding a +0 orcbow and wearing a +4 ring of protection (moderately wounded, 90% to hit)
The blast of sand hits the centaur but does no damage.
The centaur is moderately wounded.
The centaur shoots an arrow.
The arrow hits you!
The centaur shoots an arrow.
The arrow misses you.
Casting: Sandblast (safe; 3% risk of failure)
Confirm with . or Enter, or press ? or * to list all spells.
Aiming: Sandblast (safe; 3% risk of failure)
Press: ? - help, Shift-Dir - straight line, f/p - centaur
Aim: a centaur, wielding a +0 orcbow and wearing a +4 ring of protection (moderately wounded, 90% to hit)
The blast of sand hits the centaur.
The centaur is moderately wounded.
The centaur shoots an arrow.
The arrow hits you but does no damage.
The centaur shoots an arrow.
The arrow hits you!
* * * LOW HITPOINT WARNING * * *
Casting: Sandblast (safe; 3% risk of failure)
Confirm with . or Enter, or press ? or * to list all spells.
Aiming: Sandblast (safe; 3% risk of failure)
Press: ? - help, Shift-Dir - straight line, f/p - centaur
Aim: a centaur, wielding a +0 orcbow and wearing a +4 ring of protection (moderately wounded, 90% to hit)
The blast of sand hits the centaur.
The centaur is heavily wounded.
The centaur shoots an arrow.
The arrow hits you!
You die...

...............
.................
.......#..........
#.................$
#........#.#........
.........###........
.........##...c.....
...................#
............@.....##.
.................... ...#
.........#.#.......# ...#
.....##.##.#.......# ... .
.........#.........####.. .
.........#..........#... .
..................[.##.# ##.
....#....##..........#.####..
...##....##.....###..........


You could see a centaur.

Vanquished Creatures
  A phantom (D:5)
  2 orc priests
  2 hounds (D:5)
  3 orc wizards (D:4)
  8 gnolls (D:4)
  3 adders
  A shadow imp (D:5)
  A dart slug (D:4)
  A ribbon worm (D:3)
  13 orcs
  5 bats
  6 endoplasms
  A giant cockroach (D:4)
  5 goblins
  4 hobgoblins
  3 jackals (D:4)
  3 quokkas
  4 ball pythons
  2 frilled lizards
  5 kobolds
  2 rats
75 creatures vanquished.

Notes
Turn   | Place    | Note
-------+----------+-------------------------------------------
     0 | D:1      | Destinykillz the Gargoyle Earth Elementalist began the
                  | quest for the Orb.
     0 | D:1      | Reached XP level 1. HP: 10/10 MP: 3/3
   836 | D:2      | Reached XP level 2. HP: 15/15 MP: 0/5
   935 | D:2      | Found a faded altar of an unknown god.
  1382 | D:3      | Noticed Sigmund
  1477 | D:3      | Reached skill level 4 in Earth Magic
  1498 | D:3      | Reached XP level 3. HP: 19/19 MP: 2/6
  1554 | D:3      | Found a shimmering blue altar of Sif Muna.
  1588 | D:3      | Reached skill level 1 in Armour
  1659 | D:3      | Became a worshipper of Sif Muna the Loreminder
  1770 | D:3      | Learned a level 3 spell: Stone Arrow
  1906 | D:3      | Found a blossoming altar of Fedhas.
  2287 | D:4      | Reached XP level 4. HP: 24/24 MP: 4/7
  2458 | D:4      | Reached XP level 5. HP: 19/28 MP: 1/8
  2985 | D:4      | Reached skill level 5 in Earth Magic
  2985 | D:4      | Reached XP level 6. HP: 12/32 MP: 5/9
  2991 | D:4      | Reached * piety under Sif Muna
  3544 | D:4      | Learned a level 1 spell: Magic Dart
  3554 | D:5      | Entered Level 5 of the Dungeon
  3757 | D:5      | Reached XP level 7. HP: 36/36 MP: 1/11
  3868 | D:5      | Shot with an arrow by a centaur

Illustrated notes

Levels and vault maps discovered:
D:1:      kilobyte_arrival_exit_the_forest, layout_basic, item_on_display_a
D:2:      layout_rooms, shapermc_ecumenical_altar_gd, hangedman_glass_teeth,
          st_stairs_1, dk_noncrumbling_4, chequers_serial_rivers_marsh
D:3:      layout_basic, lemuel_doored_altar, nicolae_sif_muna_condensation,
          serial_corexii_hall, corexii_hall_statues_s, corexii_hall_statues_i,
          corexii_hall_statues_l, corexii_hall_statues_x, uniq_sigmund
D:4:      layout_loops_corners, minmay_box_of_dots
D:5:      layout_cave_pools, nicolae_overflow_hallway_of_the_gods, serial_glass,
          glass_columns_b, glass_columns_c, glass_columns_a, glass_columns_b,
          glass_columns_a

Skill      XL: |  1  2  3  4  5  6 |
---------------+-------------------+-----
Earth Magic    | 4 5 |  5.6
Armour         | 1 2 3 |  3.6
Stealth        | 3 4 |  4.8
Conjurations   | 2 |  2.6
Dodging        | |  1.7
Spellcasting   | |  2.9

Action                     |  1- 3 |  4- 6 |  7- 9 || total
---------------------------+-------+-------+-------++-------
  Melee: Mace              |    13 |       |       ||    13
         Morningstar       |       |    10 |     7 ||    17
  Throw: Dart              |     3 |       |       ||     3
   Cast: Sandblast         |    54 |    70 |     4 ||   128
         Magic Dart        |       |     4 |     8 ||    12
    Use: Scroll            |     2 |     4 |       ||     6
         Potion            |       |     1 |       ||     1
 Armour: Robe              |     7 |       |       ||     7
         Ring mail         |    15 |    55 |    11 ||    81
  Dodge: Dodged            |    26 |    90 |     8 ||   124
